Map: Ever Dream LE

Players

Osiris - Winner!

  • Race: Terran Terran
  • League: Diamond
  • Spawn Location: 7:00

A.I. 1 (Very Easy)

  • Race: Protoss Protoss
  • Spawn Location: 1:00

VOD

Have the link to the VOD?

Description

Time

  • Played on: May 28, 2020, 8:32 a.m.
  • Length: 7:54
Show
View Real Time Build Order
Export as new Build Order

Osiris Terran - Winner!

Build Orders: Reaper Expand 

Get SALT Encoding   

  12  0:00  SCV  
  13  0:13  SCV  
  14  0:17  Supply Depot  
  14  0:25  SCV  
  15  0:38  SCV  
  15  0:39  Barracks  
  16  0:43  Refinery  
  16  0:50  SCV  
  17  1:03  SCV  
  18  1:15  SCV  
  19  1:27  Reaper, Orbital Command  
  20  1:41  Command Center  
  20  1:51  Supply Depot  
  21  1:54  SCV  
  21  1:59  Marine  
  22  2:06  SCV  
  23  2:09  Factory  
  23  2:18  SCV  
  23  2:20  Barracks Reactor  
  24  2:26  Barracks  
  24  2:31  SCV  
  24  2:33  Refinery  
  25  2:43  SCV  
  26  2:54  Orbital Command  
  26  3:00  SCV  
  26  3:03  Barracks Tech Lab  
  27  3:07  Hellion x2  
  27  3:12  SCV  
  32  3:13  Barracks Reactor  
  32  3:21  SCV  
  32  3:23  Marine, Stimpack  
  32  3:24  SCV  
  35  3:28  Hellion x2  
  35  3:31  Supply Depot  
  35  3:34  SCV  
  40  3:37  SCV  
  41  3:43  Marine  
  41  3:47  SCV  
  43  3:53  Starport  
  43  3:55  Marine x2  
  43  3:56  SCV  
  43  3:58  Supply Depot  
  46  4:03  Marauder  
  46  4:05  SCV, Factory Reactor  
  49  4:13  Engineering Bay  
  49  4:14  SCV  
  50  4:17  Marine x2  
  50  4:18  SCV  
  50  4:21  Supply Depot  
  53  4:26  SCV  
  53  4:27  Marauder  
  53  4:29  Medivac x2  
  60  4:31  SCV  
  60  4:34  Supply Depot  
  60  4:35  Refinery  
  60  4:37  Marine  
  62  4:42  Marine  
  62  4:43  SCV x2  
  65  4:48  Supply Depot  
  65  4:51  Terran Infantry Weapons Level 1  
  65  4:52  Marauder  
  67  4:56  SCV  
  67  4:57  SCV  
  67  4:58  Marine  
  70  5:01  Widow Mine x2, Marine  
  70  5:07  Supply Depot  
  75  5:10  Combat Shield  
  75  5:11  SCV  
  75  5:12  SCV  
  77  5:15  Marauder, Supply Depot  
  79  5:22  Marine x2  
  79  5:25  SCV  
  79  5:26  SCV, Barracks  
  83  5:30  Supply Depot  
  83  5:31  Refinery  
  83  5:38  Marauder  
  83  5:40  Medivac  
  83  5:41  Widow Mine x2, Marine  
  92  5:44  SCV, Marine  
  92  5:46  SCV  
  95  5:54  Supply Depot  
  95  5:55  Supply Depot  
  95  5:57  SCV  
  96  5:59  SCV  
  96  6:01  Marauder, Marine  
  100  6:06  Medivac  
  100  6:07  Widow Mine  
  100  6:08  Widow Mine  
  100  6:09  SCV  
  100  6:10  Medivac  
  100  6:11  SCV  
  110  6:15  Marine  
  111  6:18  Supply Depot  
  111  6:20  Supply Depot, Barracks Tech Lab, Marine  
  111  6:22  SCV  
  111  6:25  Marauder  
  115  6:28  SCV  
  115  6:29  Concussive Shells  
  116  6:33  Widow Mine x2  
  116  6:39  Marauder, Marine x2  
  124  6:42  SCV  
  124  6:43  SCV  
  124  6:47  Supply Depot  
  126  6:48  Supply Depot  
  126  6:49  Marauder  
  128  6:54  SCV  
  128  6:58  Medivac x2  
  128  7:00  Widow Mine x2, Marine x2  
  139  7:09  Marauder  
  139  7:10  Supply Depot, SCV x2  
  141  7:18  Marine  
  141  7:19  Marauder, Marine  
  145  7:26  Widow Mine  
  147  7:31  Supply Depot  
  147  7:32  Marauder  
  147  7:35  Command Center  
  159  7:52  Barracks  
  159  7:53  Barracks  
Show
View Real Time Build Order
Export as new Build Order

A.I. 1 (Very Easy) Protoss 

Build Orders:  

Get SALT Encoding   

  12  0:00  Probe  
  13  0:13  Probe  
  14  0:19  Pylon  
  14  0:36  Assimilator  
  14  0:42  Gateway  
  14  0:46  Pylon  
  14  1:14  Assimilator  
  14  1:22  Zealot  
  14  1:23  Probe  
  14  1:31  Probe  
  17  1:33  Cybernetics Core  
  18  1:41  Probe  
  19  1:53  Probe  
  20  2:02  Probe  
  21  2:09  Warp Gate  
  21  2:10  Probe  
  22  2:43  Stalker  
  24  4:05  Probe  
  24  7:10  Stalker  
  24  7:12  Pylon  
  24  7:21  Probe  
  18  7:30  Pylon  
  18  7:33  Probe  
Tags
 
Add a new tag
Caveats
  • Supply blocks, unpowered buildings, or Contaminate may cause inaccurate times.
  • Supply counts are checked every 10 seconds.